 Dungeon Crawl Stone Soup version 0.30-a0-800-g7c544603b3 (webtiles) character file.

Game seed: 7446096088711456421

88 hikkokomori the Digger (level 4, -1/24 HPs)
             Began as a Gargoyle Earth Elementalist on Feb 22, 2023.
             Slain by an orc
             ... wielding a +0 club
              (5 damage)
             ... on level 3 of the Dungeon.
             The game lasted 00:01:50 (1623 turns).

hikkokomori the Digger (GrEE)                       Turns: 1623, Time: 00:01:51

Health: -1/24      AC:  5    Str: 12    XL:     4   Next: 54%
Magic:  5/7        EV: 12    Int: 17    God:
Gold:   98         SH:  0    Dex: 16    Spells: 6/7 levels left

rFire   . . .      SeeInvis .    i - +3 dagger
rCold   . . .      Faith    .    (no shield)
rNeg    + + .      Spirit   .    a - +0 robe
rPois   ∞          Reflect  .    (no helmet)
rElec   +          Harm     .    (no cloak)
rCorr   .          Rampage  .    (no gloves)
Will    .....                    (no boots)
Stlth   +++                      (no amulet)
HPRegen 0.24/turn                j - +6 ring of dexterity
MPRegen 0.10/turn                l - ring of positive energy

@: no status effects
A: sickness immunity, AC +3, negative energy resistance 1, electricity
resistance, torment resistance 1, petrification resistance
a: no special abilities


You were on level 3 of the Dungeon.
You visited 1 branch of the dungeon, and saw 3 of its levels.

You collected 98 gold pieces.

Inventory:

Hand Weapons
 i - a +3 dagger (weapon)
Armour
 a - a +0 robe (worn)
Jewellery
 j - a +6 ring of dexterity (left hand)
 l - a ring of positive energy (right hand)
Scrolls
 c - a scroll of noise {unknown}
 d - 4 scrolls of teleportation {unknown}
 e - a scroll of fog {unknown}
 h - 4 scrolls of identify {unknown}
 k - a scroll of enchant weapon {unknown}
Potions
 f - a potion of resistance {unknown}
 g - 2 potions of attraction {unknown}


   Skills:
 - Level 1.5 Dodging
 + Level 4.1 Stealth
 - Level 2.0 Spellcasting
 - Level 0.7 Transmutations
 + Level 5.1 Earth Magic


You had 6 spell levels left.
You knew the following spells:

 Your Spells              Type           Power      Damage    Failure   Level
a - Sandblast             Erth           38%        2d10      2%          1

Your spell library contained the following spells:

 Spells                   Type           Power      Damage    Failure   Level
 Passwall                 Tmut/Erth      9%         N/A       9%          2
 Stone Arrow              Conj/Erth      20%        3d8       21%         3
 Ensorcelled Hibernation  Hex/Ice        2%         N/A       28%         2
 Spider Form              Tmut/Pois      2%         N/A       45%         3
 Gell's Gravitas          Tloc           1%         N/A       50%         3
 Teleport Other           Tloc           1%         N/A       50%         3
 Petrify                  Tmut/Erth      11%        N/A       50%         4
 Anguish                  Hex/Necr       0%         N/A       88%         4
 Dispersal                Tloc           0%         N/A       100%        6


Dungeon Overview and Level Annotations

Branches:
Dungeon (3/15)

Altars:
Gozag
Hepliaklqana
Nemelex Xobeh

Shops:
D:3 *


Innate Abilities, Weirdness & Mutations

You are immune to sickness and miasma.
Your stone body is resilient. (AC +3)
You are immune to poison.
You resist negative energy. (rN+)
You are resistant to electric shocks. (rElec)
You are resistant to unholy torment.
You are immune to petrification.


Message History

The orc priest is moderately wounded.
The orc priest hits you but does no damage.
Casting: Sandblast (safe; 2% risk of failure)
Confirm with . or Enter, or press ? or * to list all spells.
Aiming: Sandblast (safe; 2% risk of failure)
Press: ? - help, Shift-Dir - straight line, f/p - orc priest
Aim: an orc priest, wielding a +0 club and wearing a +0 leather armour (moderately wounded, 82% to hit)
The blast of sand hits the orc priest but does no damage.
The orc priest is moderately wounded.
The orc priest closely misses you. The orc priest hits you with a +0 club.
* * * LOW HITPOINT WARNING * * *
Magic courses through your body. The orc priest barely misses you.
Casting: Sandblast (safe; 2% risk of failure)
Confirm with . or Enter, or press ? or * to list all spells.
Aiming: Sandblast (safe; 2% risk of failure)
Press: ? - help, Shift-Dir - straight line, f/p - orc priest
Aim: an orc priest, wielding a +0 club and wearing a +0 leather armour (moderately wounded, 82% to hit)
The blast of sand hits the orc priest!
The orc priest is severely wounded.
The orc priest hits you with a +0 club.
* * * LOW HITPOINT WARNING * * *
Casting: Sandblast (safe; 2% risk of failure)
Confirm with . or Enter, or press ? or * to list all spells.
Aiming: Sandblast (safe; 2% risk of failure)
Press: ? - help, Shift-Dir - straight line, f/p - orc priest
Aim: an orc priest, wielding a +0 club and wearing a +0 leather armour (severely wounded, 82% to hit)
The blast of sand hits the orc priest!
You kill the orc priest!
The orc closely misses you.
Your Stealth skill increases to level 4!
Your Earth Magic skill increases to level 5!
Casting: Sandblast (safe; 2% risk of failure)
Confirm with . or Enter, or press ? or * to list all spells.
Aiming: Sandblast (safe; 2% risk of failure)
Press: ? - help, Shift-Dir - straight line, f - orc
Aim: an orc, wielding a +0 club (82% to hit)
The blast of sand misses the orc.
The blast of sand hits the orc!
You kill the orc!
The orc hits you with a +0 club.
You die...

######.# #.# #.#
#.# #.# #.# #.#
#.# #.#
######.##### #.#
≈≈≈≈≈≈≈....# #)#
≈.....≈≈≈≈.# #o#
≈.⌠.⌠....≈.## #@#
≈..∩..._....## #.#
≈.⌠.⌠....≈...###.#
≈.....≈≈≈≈.....(.#
≈≈≈≈≈≈≈....#######
######.##### # #.#
# #.# # #.#


You could see an orc.

Vanquished Creatures
  An orc priest (D:3)
  Terence (D:3)
  An adder (D:2)
  3 orcs (D:3)
  2 ball pythons
  2 endoplasms (D:2)
  2 giant cockroaches (D:2)
  2 goblins
  4 kobolds
  3 bats (D:2)
  3 frilled lizards (D:2)
  A rat (D:2)
25 creatures vanquished.

Notes
Turn   | Place    | Note
-------+----------+-------------------------------------------
     0 | D:1      | hikkokomori the Gargoyle Earth Elementalist began the quest
                  | for the Orb.
     0 | D:1      | Reached XP level 1. HP: 10/10 MP: 3/3
     3 | D:1      | You fall into a shaft and drop 1 floor!
   190 | D:2      | Reached XP level 2. HP: 15/15 MP: 3/5
   255 | D:2      | Reached skill level 4 in Earth Magic
   635 | D:2      | Reached XP level 3. HP: 19/19 MP: 4/6
  1005 | D:3      | Found Gozag's Platinum Reserve.
  1335 | D:3      | Found a hazy altar of Hepliaklqana.
  1480 | D:3      | Noticed Terence
  1486 | D:3      | Killed Terence
  1523 | D:3      | Found a sparkling altar of Nemelex Xobeh.
  1583 | D:3      | Found an opulent altar of Gozag.
  1615 | D:3      | Reached XP level 4. HP: 8/24 MP: 5/7
  1623 | D:3      | Reached skill level 5 in Earth Magic
  1623 | D:3      | Slain by an orc

Illustrated notes

Levels and vault maps discovered:
D:1:      dpeg_arrival_triangle_fractal, layout_basic
D:2:      layout_loops_ring, serial_forest, infiniplex_forest_end_3,
          infiniplex_forest_clump_diagonal, infiniplex_forest_lined_room_2,
          infiniplex_forest_side_room, infiniplex_forest_zigzag_1, minivault_26
D:3:      layout_loops_ring, nicolae_gozag_zags_fifth_avenue,
          mainiacjoe_overflow_alcove_2, lemuel_crystal_altar, uniq_terence

Skill      XL: |  1  2  3  4 |
---------------+-------------+-----
Earth Magic    | 4 5 |  5.1
Stealth        | 3 4 |  4.1
Dodging        | |  1.5
Spellcasting   | |  2.0
Transmutations | |  0.7

Action                     |  1- 3 |  4- 6 || total
---------------------------+-------+-------++-------
  Melee: Unarmed           |     1 |       ||     1
         Dagger            |     1 |       ||     1
   Cast: Sandblast         |    30 |     8 ||    38
    Use: Potion            |       |     1 ||     1
 Armour: Robe              |     6 |     2 ||     8
  Dodge: Dodged            |     5 |     4 ||     9

Table legend: (Time is in decaauts)
 A = Elapsed time spent in this place.
 B = Non-inter-level travel time spent in this place.
 C = Inter-level travel time spent in this place.
 D = Time resting spent in this place.
 E = Time spent auto-exploring this place.
 F = Levels seen in this place.
 G = Mean time per level.
                   A        B        C        D        E       F      G
               +--------+--------+--------+--------+--------+-----+--------+
         Total |   1639 |   1587 |     52 |      0 |   1424 |   3 |  546.3 |
       Dungeon |   1639 |   1587 |     52 |      0 |   1424 |   3 |  546.3 |
               +--------+--------+--------+--------+--------+-----+--------+

Top non-repeatable levels by time:
     D:2: 1008 daAuts
     D:3: 627 daAuts
     D:1: 3 daAuts
